 Dungeon Crawl Stone Soup version 0.23-a0-29-g1be82e5 (webtiles) character file.

42 inmateoo the Ducker (level 3, -3/17 HPs)
             Began as a Felid Abyssal Knight on Aug 4, 2018.
             Was a Follower of Lugonu.
             Slain by Grinder (7 damage)
             ... on level 4 of the Dungeon.
             The game lasted 00:02:33 (2587 turns).

inmateoo the Ducker (Felid Abyssal Knight)          Turns: 2587, Time: 00:02:34

Health: -3/17      AC:  1    Str:  8    XL:     3   Next: 35%
Magic:  5/5        EV: 19    Int: 13    God:    Lugonu [*.....]
Gold:   57         SH:  0    Dex: 16    Spells: 2/2 levels left
                                        Lives:  0   Deaths: 1

rFire    . . .     SeeInvis +     - Unarmed
rCold    . . .     Gourm    .   (shield unavailable)
rNeg     . . .     Faith    .   (armour unavailable)
rPois    .         Spirit   .   (helmet unavailable)
rElec    .         Reflect  .   (cloak unavailable)
rCorr    .         Harm     .   (gloves unavailable)
MR       .....     Rnd*Tele +   (boots unavailable)
Stlth    +++.......             (no amulet)
HPRegen  0.05/turn              b - ring of flight
MPRegen  0.09/turn              k - ring of teleportation

@: quick
A: very small, no armour, no weapons or thrown items, stealth, claws 1, fangs 3,
see invisible, carnivore, speed 1, shaggy fur 1, slow metabolism 1, sharp paws
a: Depart the Abyss, Renounce Religion, Evoke Flight


You were on level 4 of the Dungeon.
You worshipped Lugonu.
Lugonu was aware of your devotion.
You were not hungry.

You visited 1 branch of the dungeon, and saw 4 of its levels.
You visited the Abyss 1 time.

You collected 57 gold pieces.

Inventory:

Jewellery
 b - a ring of flight (left paw)
 k - a ring of teleportation (right paw)
Wands
 f - a wand of flame (19)
Scrolls
 d - a scroll of teleportation
 e - a scroll of remove curse
Potions
 c - a potion of cancellation
 j - a potion of lignification {unknown}
Comestibles
 a - 5 rations


   Skills:
 + Level 3.5 Fighting
 + Level 4.0 Dodging
 + Level 2.4 Stealth
 * Level 3.3 Unarmed Combat
 - Level 1.7 Invocations


You had 2 spell levels left.
You didn't know any spells.
Your spell library was empty.

Dungeon Overview and Level Annotations

Branches:
Dungeon (4/15)
 Temple: D:4-7

Altars:

Annotations:
D:4 Duvessa, Grinder


Innate Abilities, Weirdness & Mutations

You cannot wear armour.
You are incapable of wielding weapons or throwing items.
Your paws allow you to move quietly. (Stealth)
You have sharp claws.
You have razor-sharp teeth.
You have supernaturally acute eyesight. (SInv)
You are carnivorous and can eat meat at any time.
You cover ground quickly.
You are covered in fur. (AC +1)
You have a slow metabolism.
Your sharp claws are effective at attacking unaware monsters.


Message History

You closely miss Grinder.
Grinder is almost dead.
Grinder gestures at you. You resist with significant effort.
Unknown command.
You closely miss Grinder.
Grinder is almost dead.
Grinder gestures at you.
You barely resist.
Unknown command.
You completely miss Grinder.
Grinder is almost dead.
Grinder gestures at you. Pain shoots through your body!
* * * LOW HITPOINT WARNING * * *
Unknown command.
You scratch Grinder.
Grinder is almost dead.
Grinder hits you!
You die...

......
#####.....
#.....##.#
#.#......#
#.#.#....#
#.#.#....#
#.#.#....#
#.#.#....#.###.
#.#.#>.@5....).
#.#.#..########
#.............
###.#.#.#.....
#.#.........
#.#...#.....
#.#.#..>....
#.......#...
###.##.####


You could see Grinder.

Vanquished Creatures
  Dowan (D:4)
  An adder (D:2)
  2 worms (D:2)
  An orc (D:3)
  8 bats
  2 giant cockroaches
  2 goblins (D:1)
  4 hobgoblins
  3 kobolds (D:1)
  A rat (D:2)
25 creatures vanquished.

Notes
Turn   | Place    | Note
-------+----------+-------------------------------------------
     0 | Abyss:1  | inmateoo the Felid Abyssal Knight began the quest for the Orb.
     0 | Abyss:1  | Reached XP level 1. HP: 10/10 MP: 3/3
     0 | Abyss:1  | Found a shattered altar of Ashenzari.
    30 | Abyss:1  | Noticed a quicksilver dragon simulacrum
    33 | D:1      | Escaped the Abyss
   525 | D:1      | Reached * piety under Lugonu
   525 | D:1      | Reached XP level 2. HP: 13/14 MP: 4/4
   568 | D:1      | Reached skill level 1 in Stealth
  1559 | D:2      | Found a faded altar of an unknown god.
  1641 | D:2      | Reached XP level 3. HP: 14/17 MP: 5/5
  2443 | D:4      | Noticed Duvessa
  2443 | D:4      | Noticed Dowan
  2456 | D:4      | Killed Dowan
  2456 | D:4      | Reached skill level 4 in Dodging
  2456 | D:4      | Reached XP level 4. HP: 13/21 MP: 6/6
  2461 | D:4      | Slain by Duvessa
  2462 | D:4      | Reached XP level 3. HP: -2/25 MP: 5/5
  2571 | D:4      | Noticed Grinder
  2587 | D:4      | Slain by Grinder

Vault maps used:
D:1:      dpeg_arrival_circle_labyrinth_c
D:2:      chequers_ecumenical_altar_simple_redux, serial_bayou_pond_d
D:3:      nicolae_ru_sacrificial_ziggurat
D:4:      gammafunk_temple_overflow_forgotten, kennysheep_mini_moat,
          minmay_temple_entry_statues_fountains, minmay_checkerbox,
          uniq_grinder, uniq_blork_the_orc, uniq_duvessa

Skill      XL: |  1  2  3 |
---------------+----------+-----
Stealth        | 1 2 |  2.4
Dodging        | 4 |  4.0
Unarmed Combat | 3 |  3.3
Fighting       | |  3.5
Invocations    | |  1.7

Action                   |  1- 3 |  4- 6 || total
-------------------------+-------+-------++-------
Melee: Unarmed           |   109 |     5 ||   114
       Bite              |    10 |     1 ||    11
       Punch             |     1 |       ||     1
Invok: Depart the Abyss  |     1 |       ||     1
  Use: Scroll            |     5 |       ||     5
       Potion            |     5 |       ||     5
 Stab: Sleeping          |     5 |       ||     5
  Eat: Chunk             |     9 |       ||     9
Armor: Skin              |     5 |     1 ||     6
Dodge: Dodged            |    77 |     4 ||    81

Table legend:
 A = Spawn XP
 B = Non-spawn XP
 C = Spawn XP percentage of total XP
 D = Spawn monster count
 E = Non-spawn monster count
 F = Spawn count percentage of total count
 G = Total turns spent on level
                    A         B        C        D         E        F      G
               +---------+---------+-------+---------+---------+-------+---------
         Total |       0 |     133 |   0.0 |       0 |      25 |   0.0 |  2587
               +---------+---------+-------+---------+---------+-------+---------
           D:1 |       0 |      27 |   0.0 |       0 |      14 |   0.0 |  1507
           D:2 |       0 |      32 |   0.0 |       0 |       8 |   0.0 |   855
           D:3 |       0 |       5 |   0.0 |       0 |       2 |   0.0 |    48
           D:4 |       0 |      69 |   0.0 |       0 |       1 |   0.0 |   144
               +---------+---------+-------+---------+---------+-------+---------
